 Dungeon Crawl Stone Soup version 0.26-a0-812-g31a745ddcd (webtiles) character file.

Game seed: 2270255493238725533

63 Lanoc the Ruffian (level 3, 0/31 HPs)
             Began as a Palentonga Transmuter on Nov 14, 2020.
             Hit by a stone thrown by an orc warrior (8 damage)
             ... on level 2 of the Dungeon.
             The game lasted 00:02:01 (1398 turns).

Lanoc the Ruffian (Palentonga Transmuter)           Turns: 1398, Time: 00:02:02

Health: 0/31       AC:  4    Str: 10 (13) XL:     3   Next: 87%
Magic:  3/6        EV: 10    Int:  9 (12) God:
Gold:   46         SH:  0    Dex:  8 (10) Spells: 3/6 levels left

rFire    . . .     SeeInvis +     - Unarmed
rCold    . . .     Faith    .   (no shield)
rNeg     . . .     Spirit   .   a - +0 robe
rPois    .         Reflect  .   (helmet currently unavailable)
rElec    .         Harm     .   (no cloak)
rCorr    .         Rampage  .   (no gloves)
MR       .....                  (no barding)
Stlth    +.........             (no amulet)
HPRegen  0.10/turn              (no ring)
MPRegen  0.10/turn              (no ring)

@: brilliant, appendages, wereblooded
A: large, horns 2, talons 2, rugged brown scales 3, see invisible, deformed
body, dopey 1, MP-powered wands, roll, armoured tail
a: Rolling Charge, End Transformation


You were on level 2 of the Dungeon.
You had grown temporary horns.
You had grown temporary talons.
You visited 1 branch of the dungeon, and saw 2 of its levels.

You collected 46 gold pieces.

Inventory:

Armour
 a - a +0 robe (worn)
Scrolls
 c - 3 scrolls of teleportation {unknown}
 e - a scroll of amnesia {unknown}
 f - 2 scrolls of identify {unknown}
 g - a scroll of enchant weapon {unknown}
 h - a scroll of random uselessness {unknown}
 j - a scroll of remove curse {unknown}
Potions
 d - a potion of degeneration


   Skills:
 + Level 1.8 Fighting
 + Level 2.1 Dodging
 * Level 3.8 Unarmed Combat
 - Level 2.0 Spellcasting
 + Level 2.6 Transmutations


You had 3 spell levels left.
You knew the following spells:

 Your Spells              Type           Power        Failure   Level
a - Beastly Appendage     Tmut           #.....       12%         1
b - Wereblood             Tmut           #.......     17%         2

Your spell library contained the following spells:

 Spells                   Type           Power        Failure   Level
 Spider Form              Tmut/Pois      #.........   52%         3
 Ice Form                 Ice/Tmut       #.......     89%         4
 Blade Hands              Tmut           #.........   97%         5


Dungeon Overview and Level Annotations

Branches:
Dungeon (2/15)

Altars:


Innate Abilities, Weirdness & Mutations

You are completely covered in rugged brown scales. (AC +3, +7% HP)
You have supernaturally acute eyesight. (SInv)
Armour fits poorly on your strangely shaped body.
You can roll at foes to attack.
You have a long armoured tail.
You have a pair of horns on your head.
You have razor-sharp toenails.
You are dopey. (Int -2)
You expend magic power (3 MP) to strengthen your wands.


Message History

You feel weakened.
You feel dopey.
You feel clumsy. The orc warrior barely misses you.
The orc warrior hits you with a +0 mace!
It was a potion of brilliance.
You feel clever all of a sudden. The orc barely misses you.
The orc warrior closely misses you.
Really quaff the potion of mutation?
You feel extremely strange.
You feel healthier.
You feel frail.
You feel a little pissed off.
You feel stupid.
You feel your magical essence link to the dungeon's wands.
You feel a little more calm. The orc warrior misses you.
The frilled lizard bites you but does no damage.
The orc hits you with a +0 flail.
* * * LOW HITPOINT WARNING * * *
The orc warrior throws a stone.
The stone closely misses you.
The orc priest looks encouraged for a moment.
The orc warrior throws a stone.
The stone hits you!
You die...

####### ....(..
###########.......
#.................
#.................
#........o...>....
#.......[.........
#.......loo###♣..♣
#.......@..#
#....((.$..#
#..[.......# #
#..(.........# ♣##
####.##..........###
..
.............##..# #
.........###...#.# #
##8###8#.###...##.#
# #######..#8...8#.#
##


You could see an orc warrior (fast), an orc priest, an orc and a frilled lizard.

Vanquished Creatures
  2 adders (D:2)
  A worm (D:2)
  A dart slug (D:1)
  A leopard gecko (D:2)
  3 giant cockroaches
  6 goblins
  3 hobgoblins
  6 bats
  4 frilled lizards
  8 kobolds
  6 rats
41 creatures vanquished.

Vanquished Creatures (others)
  5 plants (D:2)
5 creatures vanquished.

Grand Total: 46 creatures vanquished

Notes
Turn   | Place    | Note
-------+----------+-------------------------------------------
     0 | D:1      | Lanoc the Palentonga Transmuter began the quest for the
                  | Orb.
     0 | D:1      | Reached XP level 1. HP: 17/17 MP: 3/3
   283 | D:1      | Reached XP level 2. HP: 22/24 MP: 3/5
   345 | D:1      | Learned a level 2 spell: Wereblood
   965 | D:2      | Reached XP level 3. HP: 25/29 MP: 2/6
  1386 | D:2      | Noticed an orc warrior
  1394 | D:2      | Gained mutation: Your body sometimes deteriorates upon
                  | taking damage. [potion of mutation]
  1394 | D:2      | Gained mutation: You are robust. (+10% HP) [potion of
                  | mutation]
  1397 | D:2      | Lost mutation: Your body sometimes deteriorates upon taking
                  | damage. [potion of mutation]
  1397 | D:2      | Lost mutation: You are robust. (+10% HP) [potion of
                  | mutation]
  1397 | D:2      | Gained mutation: You tend to lose your temper in combat.
                  | [potion of mutation]
  1397 | D:2      | Gained mutation: You are dopey. (Int -2) [potion of
                  | mutation]
  1397 | D:2      | Gained mutation: You expend magic power (3 MP) to
                  | strengthen your wands. [potion of mutation]
  1397 | D:2      | Lost mutation: You tend to lose your temper in combat.
                  | [potion of mutation]
  1398 | D:2      | Hit by a stone thrown by an orc warrior

Illustrated notes

Levels and vault maps discovered:
D:1:      dpeg_arrival_rooms_b, layout_rooms, minmay_crystal_room,
          kennysheep_crisscross
D:2:      layout_rooms, serial_corexii_hall, corexii_hall_statues_l,
          corexii_hall_statues_l, chequers_hall_statues_wall_a,
          kennysheep_doodads, serial_bayou_pond_a

Skill      XL: |  1  2  3 |
---------------+----------+-----
Dodging        | 2 |  2.1
Fighting       | |  1.8
Unarmed Combat | |  3.8
Spellcasting   | |  2.0
Transmutations | |  2.6

Action                   || total
-------------------------++-------
Melee: Unarmed           ||   111
       Kick              ||    11
       Tailslap          ||     3
       Headbutt          ||     6
       Punch             ||     1
 Cast: Beastly Appendage ||    15
       Wereblood         ||     3
 Abil: Rolling Charge    ||     9
  Use: Potion            ||     4
Armor: Robe              ||    45
Dodge: Dodged            ||    65

Table legend: (Time is in decaauts)
 A = Elapsed time spent in this place.
 B = Non-inter-level travel time spent in this place.
 C = Inter-level travel time spent in this place.
 D = Time resting spent in this place.
 E = Time spent auto-exploring this place.
 F = Levels seen in this place.
 G = Mean time per level.
                   A        B        C        D        E       F      G
               +--------+--------+--------+--------+--------+-----+--------+
         Total |   1391 |   1356 |     35 |      0 |   1151 |   2 |  695.5 |
       Dungeon |   1391 |   1356 |     35 |      0 |   1151 |   2 |  695.5 |
               +--------+--------+--------+--------+--------+-----+--------+

Top non-repeatable levels by time:
     D:1: 955 daAuts
     D:2: 436 daAuts
